 Dungeon Crawl Stone Soup version 0.29.1-15-g9cfb28693d (webtiles) character file.

Game seed: 13455087087400366008

73 protoss039 the Digger (level 4, 33/33 HPs)
             Began as a Demonspawn Earth Elementalist on Mar 12, 2023.
             Got out of the dungeon alive.
             The game lasted 00:02:52 (1480 turns).

protoss039 the Digger (DsEE)                        Turns: 1480, Time: 00:02:53

Health: 33/33      AC:  5    Str:  8    XL:     4   Next: 8%
Magic:  8/8        EV: 10    Int: 18    God:
Gold:   80         SH:  0    Dex: 14    Spells: 5/8 levels left

rFire   x . .      SeeInvis .   f - +0 dagger
rCold   + . .      Faith    .   (no shield)
rNeg    . . .      Spirit   .   e - +0 ring mail
rPois   .          Reflect  .   (helmet restricted)
rElec   .          Harm     .   (no cloak)
rCorr   .          Rampage  .   (no gloves)
Will    .....                   (no boots)
Stlth   +.........              (no amulet)
HPRegen 0.11/turn               a - ring of ice
MPRegen 0.11/turn               (no ring)

@: no status effects
A: horns 1, powered by death 1
a: no special abilities


You escaped.
You visited 1 branch of the dungeon, and saw 2 of its levels.

You collected 80 gold pieces.

Inventory:

Hand Weapons
 f - a +0 dagger (weapon)
Armour
 e - a +0 ring mail (worn)
Jewellery
 a - a ring of ice (left hand)
Scrolls
 c - a scroll of fear {unknown}
 i - a scroll of silence {unknown}
Potions
 b - a potion of magic
 d - a potion of haste {unknown}
 g - a potion of degeneration {unknown}
 h - a potion of attraction {unknown}
 j - 2 potions of might {unknown}
 k - a potion of invisibility {unknown}
 l - a potion of heal wounds {unknown}


   Skills:
 + Level 2.0 Fighting
 - Level 1.7 Dodging
 - Level 1.7 Stealth
 + Level 2.8 Spellcasting
 - Level 0.8 Transmutations
 + Level 3.4 Earth Magic


You had 5 spell levels left.
You knew the following spells:

 Your Spells              Type           Power      Damage    Failure   Level
a - Sandblast             Erth           28%        2d8       13%         1
b - Passwall              Tmut/Erth      8%         N/A       32%         2

Your spell library contained the following spells:

 Spells                   Type           Power      Damage    Failure   Level
 Stone Arrow              Conj/Erth      16%        3d8       58%         3
 Ozocubu's Armour         Ice            3%         N/A       83%         3
 Petrify                  Tmut/Erth      10%        N/A       91%         4
 Metabolic Englaciation   Hex/Ice        1%         N/A       100%        5
 Simulacrum               Ice/Necr       1%         N/A       100%        6


Dungeon Overview and Level Annotations

Branches:
Dungeon (2/15) Zot: 10496

Altars:

Shops:
D:1 [


Innate Abilities, Weirdness & Mutations

You have a pair of small horns on your head.
You regenerate a little health from kills.


Message History

The blast of sand hits the gnoll!
The gnoll is severely wounded.
Unknown command.
Casting: Sandblast (safe; 13% risk of failure)
Confirm with . or Enter, or press ? or * to list all spells.
Aiming: Sandblast (safe; 13% risk of failure)
Press: ? - help, Shift-Dir - straight line, f/p - gnoll
Aim: a gnoll, wielding a +0 spear (severely wounded, 84% to hit)
You miscast Sandblast.
You are very lightly contaminated with residual magic.
Nothing appears to happen.
The gnoll hits you but does no damage.
Unknown command.
Casting: Sandblast (safe; 13% risk of failure)
Confirm with . or Enter, or press ? or * to list all spells.
Aiming: Sandblast (safe; 13% risk of failure)
Press: ? - help, Shift-Dir - straight line, f/p - gnoll
Aim: a gnoll, wielding a +0 spear (severely wounded, 84% to hit)
The blast of sand hits the gnoll.
You kill the gnoll!
Your Fighting skill increases to level 2!
You have reached level 4!
You feel agile.
Your demonic ancestry asserts itself...
A pair of horns grows on your head!
Things that are here:
a +0 spear; a gnoll corpse
(D) Dungeon
Where to? (Enter - D:1 @ (x,y), ? - help)
What level of the Dungeon? (default 1, ? - help)
Your magical contamination has completely faded away.
There is a stone staircase leading up here.
Things that are here:
a +0 spear; a gnoll corpse You climb upwards.
There is a stone staircase leading down, spattered with blood here.
Magic restored.
The anaconda hisses angrily.
There is a large open door here.
There is a staircase leading out of the dungeon here.
Are you sure you want to leave the Dungeon?
This will make you lose the game!
You have escaped!

#.####.# #.# #.#
#.# #.# ### #.#
#.# #.# ##.##
######### #.# #.#
###...####....#♣♣
##.####.#
...........≈..#S♣
#.......#
#.#...###..≈.##♣♣#
#..###### #.##.##
##...'...# #..#
#.#### ##≈.'..@#
#..# #.# #≈.##♣♣#
#..# #.# ##≈..#
#..# #.# #....#♣
#..# #.# #.####
#..# #.#
#.#########..# #.#
#............# #.#
##..##########
#.#########..#


There were no monsters in sight!

Vanquished Creatures
  4 gnolls
  4 dart slugs
  5 endoplasms
  A goblin (D:1)
  4 hobgoblins (D:1)
  A quokka (D:1)
  4 ball pythons (D:1)
  A bat (D:1)
  A frilled lizard (D:1)
  2 rats (D:1)
27 creatures vanquished.

Notes
Turn   | Place    | Note
-------+----------+-------------------------------------------
     0 | D:1      | protoss039 the Demonspawn Earth Elementalist began the
                  | quest for the Orb.
     0 | D:1      | Reached XP level 1. HP: 13/13 MP: 3/3
     5 | D:1      | Noticed an anaconda
   309 | D:1      | Gained mutation: You regenerate a little health from kills.
                  | [demonic ancestry]
   309 | D:1      | Reached XP level 2. HP: 20/20 MP: 1/5
   328 | D:1      | Reached skill level 1 in Fighting
   384 | D:1      | Reached skill level 3 in Earth Magic
   652 | D:1      | Reached XP level 3. HP: 18/26 MP: 3/6
   763 | D:1      | Found a faded altar of an unknown god.
   801 | D:1      | Found Hontec's Antique Armour Shop.
  1071 | D:1      | Learned a level 2 spell: Passwall
  1425 | D:2      | Gained mutation: You have a pair of small horns on your
                  | head. [demonic ancestry]
  1425 | D:2      | Reached XP level 4. HP: 33/33 MP: 4/8
  1480 | D:$      | Got out of the dungeon alive.

Illustrated notes

Levels and vault maps discovered:
D:1:      sevenhm_arrival_forest_fort_small_2, layout_loops_ring,
          shapermc_ecumenical_altar_ellora, serial_shops,
          nicolae_shop_statue_plus, minmay_misc_feat_hallway,
          dreamdust_wishing_well
D:2:      layout_rooms, serial_park_tiny_pond,
          nicolae_concentric_dashed_squares_mild

Skill      XL: |  1  2  3 |
---------------+----------+-----
Fighting       | 1 2 |  2.0
Earth Magic    | 3 |  3.4
Dodging        | |  1.7
Stealth        | |  1.7
Spellcasting   | |  2.8
Transmutations | |  0.8

Action                   |  1- 3 |  4- 6 || total
-------------------------+-------+-------++-------
Melee: Club              |    19 |       ||    19
       Dagger            |    16 |       ||    16
       Punch             |     3 |       ||     3
 Cast: Sandblast         |    35 |       ||    35
       Passwall          |     2 |       ||     2
 Stab: Sleeping          |     1 |       ||     1
Armor: Ring mail         |    28 |       ||    28
Dodge: Dodged            |    33 |       ||    33
